[Event "Live Chess"]
[Site "Chess.com"]
[Date "2023.05.21"]
[Round "-"]
[White "PaulyD81"]
[Black "hturner40"]
[Result "0-1"]
[WhiteElo "1086"]
[BlackElo "1786"]
[TimeControl "300"]
[EndTime "9:04:49 PDT"]
[Termination "hturner40 won on time"]

1. d4 Nf6 2. c4 Nc6 3. Nc3 e5 4. e3 exd4 5. exd4 d5 6. Qe2+ Be6 7. cxd5 Nxd5 8. Nxd5 Qxd5 9. Nf3 Bb4+ 10. Bd2 Nxd4 11.
Nxd4 Bxd2+ 12. Qxd2 O-O-O 13. Nf3 Qe4+ 14. Qe2 Qb4+ 15. Nd2 Rhe8 16. a3 Qxb2 17. Rd1 Bb3 18. Nxb3 Rxd1+ 19. Kxd1 Rxe2 20. Bxe2 Qxb3+ 21. Kc1 Qc3+ 22. Kb1 Qb3+ 23. Kc1 Qxa3+ 24. Kb1 Qb3+ 25. Kc1 Qc3+ 26. Kb1 Qd2 27. Bg4+ Kb8 28. Rd1 Qb4+ 29. Kc1 Qxg4 30. Rd8+ Qc8 31. Rxc8+ Kxc8 32. Kd2 a5 33. Ke3 b5 34. Ke4 a4 35. f4 a3 36. Ke5 a2 37. f5 a1=Q+ 38. Kd5 Qf6 39. g4 c6+ 0-1